 Dungeon Crawl Stone Soup version 0.26.1-2-gb8aa6d0cf2 (webtiles) character file.

Game seed: 1749313622058369964

13948 RaHiT the Octopoid Aeon (level 12, -6/115 (123) HPs)
             Began as an Octopode Delver on Mar 23, 2021.
             Was the Champion of Cheibriados.
             Mangled by a minotaur
             ... wielding an uncursed staff of fire
              (10 damage)
             ... in a Gauntlet.
             The game lasted 01:00:06 (8875 turns).

RaHiT the Octopoid Aeon (Octopode Delver)           Turns: 8875, Time: 01:00:09

HP:   -6/115 (123)  AC: 30    Str: 38    XL:     12   Next: 11%
MP:   18/18         EV:  2    Int: 31    God:    Cheibriados [******]
Gold: 969           SH:  0    Dex: 28    Spells: 9/13 levels left

rFire    . . .     SeeInvis .   f - +9 dagger of Deina {elec, *Rage rElec rPois MP-9}
rCold    . . .     Faith    +   (no shield)
rNeg     + + +     Spirit   .   (helmet currently unavailable)
rPois    +         Reflect  .   k - amulet of Omiruynwe {Faith Str+4}
rElec    +         Harm     .   l - +6 ring of strength
rCorr    .         Rampage  .   v - +4 ring of protection
Will     .....     Rnd*Rage +   T - ring of magical power Stlth +++++.....NoTele +
                                O - ring of stealth
HPRegen  0.29/turn              (no ring)
MPRegen  0.16/turn              (no ring)
                                (no ring)
                                (no ring)

@: mighty, tree-form, very slightly contaminated, drained, very slow
A: almost no armour, stealthy swim, (amphibious), 8 rings, (constrict 8),
MP-powered wands
a: Renounce Religion, Bend Time, Temporal Distortion, Slouch, Step From Time


You were in a Gauntlet.
You worshipped Cheibriados.
Cheibriados was exalted by your worship.
You were a tree.
You visited 3 branches of the dungeon, and saw 13 of its levels.
You also visited: Gauntlet.

You collected 995 gold pieces.
You spent 26 gold pieces at shops.

Inventory:

Hand Weapons
 c - a cursed -2 dagger
 f - the +9 dagger of Deina (weapon) {elec, *Rage rElec rPois MP-9}
   (You found it on level 6 of the Dungeon)

   Occasionally, upon striking a foe, it can discharge electrical energy and
   cause terrible harm.
   It insulates you from electricity.
   It protects you from poison.
   It affects your magic capacity (-9).
   It may make you go berserk in combat.
 G - a +0 hand crossbow of freezing
 L - the +3 dagger of Grandeur {elec, +Inv Dex+2 SInv}
   (You found it on level 6 of the Dungeon)

   Occasionally, upon striking a foe, it can discharge electrical energy and
   cause terrible harm.
   It affects your dexterity (+2).
   It lets you see invisible.
   It lets you turn invisible.
Missiles
 h - 86 poisoned darts (quivered)
 m - 246 stones
 r - 104 arrows
 x - 124 bolts
 y - 18 sling bullets
 F - 8 javelins
 R - 3 throwing nets
 S - 20 boomerangs
Armour
 U - a +0 kite shield
Magical Staves
 Q - an uncursed staff of fire
Jewellery
 k - the amulet of Omiruynwe (around neck) {Faith Str+4}
   (You found it in a Gauntlet)

   [amulet of faith]

   It allows you to gain divine favour quickly.
   It affects your strength (+4).
 l - a +6 ring of strength (left branch)
 v - a +4 ring of protection (right branch)
 H - an uncursed ring of fire
 O - a ring of stealth (on tentacle)
 T - a ring of magical power (on tentacle)
 V - an uncursed amulet of reflection
 W - the ring "Efevves" {+Fly Int-5 SInv Stlth+}
   (You found it in a Gauntlet)

   [ring of flight]

   It affects your intelligence (-5).
   It lets you see invisible.
   It lets you fly.
   It makes you more stealthy.
Wands
 e - a wand of digging (3)
 w - a wand of polymorph (10)
 E - a wand of flame (26)
 J - a wand of iceblast (8)
 M - a wand of paralysis (19)
 N - a wand of acid (12)
Scrolls
 a - 3 scrolls of fog
 b - a scroll of magic mapping
 j - 6 scrolls of enchant armour
 o - 7 scrolls of teleportation
 p - 3 scrolls of amnesia
 q - 3 scrolls of enchant weapon {unknown}
 u - 3 scrolls of remove curse
 C - 2 scrolls of blinking {unknown}
 K - a scroll of immolation {unknown}
 P - a scroll of random uselessness {unknown}
Potions
 d - 6 potions of haste
 g - a potion of lignification
 i - a potion of might
 n - 3 potions of magic
 s - 4 potions of brilliance
 t - 3 potions of resistance
 z - a potion of berserk rage
 A - 3 potions of mutation
 B - a potion of attraction
 D - 2 potions of curing
 I - a potion of heal wounds


   Skills:
 - Level 8.0 Fighting
 - Level 8.0 Throwing
 - Level 8.0 Dodging
 - Level 7.0 Stealth
 - Level 9.0 Unarmed Combat
 - Level 1.0 Spellcasting
 - Level 1.0 Transmutations
 - Level 1.0 Earth Magic
 - Level 9.0 Invocations
 + Level 7.5 Evocations


You had 9 spell levels left.
You knew the following spells:

 Your Spells              Type           Power        Failure   Level
a - Petrify               Tmut/Erth      7%           47%         4

Your spell library contained the following spells:

 Spells                   Type           Power        Failure   Level
 Confusing Touch          Hex            1%           24%         3
 Gell's Gravitas          Tloc           0%           24%         3
 Yara's Violent Unravell  Hex/Tmut       2%           88%         5
 Metabolic Englaciation   Hex/Ice        0%           92%         5


Dungeon Overview and Level Annotations

Branches:
Dungeon (11/15)            Temple (1/1) D:4            Lair (1/6) D:11
    Orc (0/2) D:9         Gauntlet (1/1)

Altars:
Ashenzari
Cheibriados
Dithmenos
Elyvilon
Fedhas
Gozag
Hepliaklqana
Kikubaaqudgha
Makhleb
Nemelex Xobeh
Okawaru
Qazlal
Ru
Sif Muna
Trog
Uskayaw
Vehumet
Wu Jian
Xom
Yredelemnul
Zin
The Shining One

Shops:
D:8 =   D:9 *

Annotations:
Gauntlet 8 transporters, 2 runed translucent doors


Innate Abilities, Weirdness & Mutations

You cannot wear most types of armour.
You are very stealthy in the water. (Stealth+)
((You are amphibious.))
You can wear up to eight rings at the same time.
((You can use your tentacles to constrict eight enemies at once.))
((Your skin changes colour to match your surroundings (Stealth+).))
((Your rubbery body absorbs attacks. (AC +1, EV +1)))
((You can translocate small distances at will.))
You expend magic power (3 MP) to strengthen your wands.


Message History

You feel better.
The minotaur hits you with an uncursed staff of fire!
* * * LOW HITPOINT WARNING * * *
The minotaur burns you.
* * * LOW HITPOINT WARNING * * *
The minotaur gores you but does no damage.
Okay, then.
Okay, then.
You feel much better.
The minotaur hits you but does no damage.
The minotaur burns you.
* * * LOW HITPOINT WARNING * * *
The minotaur gores you but does no damage.
You hit the minotaur.
You punch the minotaur, but do no damage.
The minotaur is heavily wounded.
The minotaur hits you with an uncursed staff of fire!!
* * * LOW HITPOINT WARNING * * *
The minotaur burns you!
You die...

♣.≈## ..≈≈# ..≈##
..###.♣. ♣..##...#
.P..#.♣.#############
.P♣.#...##..........#
....#.©.##.########.#
....#...##.#....♣H#.#
....#.©.##.#.####.#.#
.∩..#......#.# .#.#
....#.©.####.######.#
....#...# #........#
..P.#.©.# ##########
.P♣.#...# .P..#.♣.#
♣..##...#


You could see a minotaur.

Vanquished Creatures
  A hydra (D:11)
  A two-headed ogre (D:11)
  A death scarab (Gauntlet)
  A necromancer (Gauntlet)
  A cyclops (D:11)
  2 cane toads (Lair:1)
  A gargoyle (D:11)
  A troll (D:11)
  A spectral dream sheep (Gauntlet)
  Prince Ribbit (D:9)
  A hornet (D:7)
  8 flying skulls (Gauntlet)
  A wyvern (D:8)
  6 yaks (D:11)
  Eustachio (D:5)
  Menkaure (D:5)
  3 wargs
  A soldier ant (D:10)
  Duvessa (D:7)
  An ice beast (D:5)
  7 orc warriors
  5 sky beasts
  3 ogres
  3 phantoms
  6 wolves (Gauntlet)
  2 centaurs
  3 big kobolds
  7 bullfrogs
  2 gnoll sergeants (D:7)
  Dowan (D:7)
  2 wyvern zombies (D:10)
  3 scorpions
  7 killer bees
  9 wights
  3 howler monkeys (D:8)
  2 centaur zombies
  A quasit (D:7)
  3 bullfrog zombies
  11 orc priests
  5 hounds
  A bullfrog skeleton (D:10)
  3 gnoll shamans (D:7)
  5 jellies
  10 orc wizards
  Ijyb (D:5)
  Jessica (D:2)
  5 iguanas
  9 worker ants
  3 hound zombies
  A hound skeleton (D:11)
  A worker ant zombie (D:10)
  21 gnolls
  A howler monkey skeleton (D:10)
  9 adders
  3 shadow imps
  2 white imps
  2 ufetubi
  An ooze (D:3)
  2 worms
  A dart slug (D:2)
  4 leopard geckos
  51 orcs
  2 ball pythons
  9 giant cockroaches
  22 goblins
  9 hobgoblins
  6 jackals
  4 quokkas
  9 bats
  6 frilled lizards
  26 kobolds
  A quokka skeleton (D:4)
  A quokka zombie (D:8)
  5 rats
  A spectral orc (D:6)
358 creatures vanquished.

Vanquished Creatures (others)
  A kobold (D:9)
  A fungus (Lair:1)
  2 plants
4 creatures vanquished.

Grand Total: 362 creatures vanquished

Notes
Turn   | Place    | Note
-------+----------+-------------------------------------------
     0 | D:5      | RaHiT the Octopode Delver began the quest for the Orb.
     0 | D:5      | Reached XP level 1. HP: 16/16 MP: 1/1
    15 | D:6      | Got a brightly glowing dagger
    16 | D:6      | Identified the +9 dagger of Deina {elec, *Rage rElec rPois
                  | MP-9} (You found it on level 6 of the Dungeon)
    22 | D:6      | Noticed a bullfrog
    29 | D:5      | Noticed Menkaure
    35 | D:5      | Killed Menkaure
    36 | D:5      | Reached skill level 1 in Spellcasting
    36 | D:5      | Reached skill level 1 in Evocations
    36 | D:5      | Reached XP level 2. HP: 11/21 MP: 0/3
    36 | D:5      | Reached XP level 3. HP: 14/26 MP: 0/4
    36 | D:5      | Reached XP level 4. HP: 16/31 MP: 0/5
    36 | D:5      | Reached XP level 5. HP: 19/36 MP: 0/6
    84 | D:5      | Noticed Eustachio
   293 | D:1      | Reached skill level 1 in Throwing
   294 | D:1      | Reached XP level 6. HP: 39/43 MP: 0/7
   749 | D:2      | Noticed Jessica
   766 | D:2      | Killed Jessica
  1770 | D:3      | Learned a level 4 spell: Petrify
  1850 | D:4      | Found a staircase to the Ecumenical Temple.
  1857 | Temple   | Entered the Ecumenical Temple
  1910 | Temple   | Became a worshipper of Cheibriados the Contemplative
  2001 | D:4      | Found an ancient bone altar of Kikubaaqudgha.
  2007 | D:4      | Gained mutation: You expend magic power (3 MP) to
                  | strengthen your wands. [potion of mutation]
  2007 | D:4      | Gained mutation: You can translocate small distances at
                  | will. [potion of mutation]
  2130 | D:4      | Reached XP level 7. HP: 26/48 MP: 0/8
  2583 | D:5      | Noticed Ijyb
  2584 | D:5      | Reached skill level 1 in Transmutations
  2584 | D:5      | Reached skill level 1 in Earth Magic
  2595 | D:5      | Killed Ijyb
  2760 | D:5      | Killed Eustachio
  2761 | D:5      | Reached skill level 5 in Dodging
  2847 | D:5      | Reached skill level 5 in Fighting
  2848 | D:5      | Found a sacrificial altar of Ru.
  3035 | D:6      | Reached XP level 8. HP: 55/55 MP: 0/9
  3057 | D:6      | Reached skill level 5 in Throwing
  3219 | D:6      | Reached * piety under Cheibriados
  3282 | D:6      | Found a basalt altar of Yredelemnul.
  3505 | D:6      | Found a bloodstained altar of Trog.
  3517 | D:6      | Got a fine dagger
  3677 | D:7      | Noticed a hornet
  3685 | D:7      | Killed a hornet
  3716 | D:7      | Found a burning altar of Makhleb.
  3716 | D:7      | Found an ornate altar of the Wu Jian Council.
  3757 | D:7      | Reached XP level 9. HP: 62/64 MP: 1/10
  3764 | D:7      | Reached ** piety under Cheibriados
  3927 | D:7      | Noticed Duvessa
  3927 | D:7      | Noticed Dowan
  3936 | D:7      | Killed Duvessa
  3956 | D:7      | Killed Dowan
  4354 | D:7      | Reached *** piety under Cheibriados
  4683 | D:8      | Found an opulent altar of Gozag.
  4744 | D:8      | Found Vinuedowk's Jewellery Boutique.
  4765 | D:8      | Bought a cursed -4 ring of strength for 26 gold pieces
  4801 | D:8      | Reached **** piety under Cheibriados
  4802 | D:8      | Reached XP level 10. HP: 48/72 MP: 11/11
  5119 | D:8      | Reached skill level 1 in Invocations
  5405 | D:9      | Noticed Prince Ribbit
  5426 | D:9      | Killed Prince Ribbit
  5453 | D:8      | Identified the cursed +3 dagger of Grandeur {elec, +Inv
                  | Dex+2 SInv} (You found it on level 6 of the Dungeon)
  5544 | D:9      | Found a basalt altar of Yredelemnul.
  5573 | D:9      | Reached ***** piety under Cheibriados
  5798 | D:9      | Reached skill level 5 in Invocations
  5822 | D:9      | Found Estruib's General Store.
  5937 | D:9      | Found a staircase to the Orcish Mines.
  6167 | D:10     | Entered Level 10 of the Dungeon
  6973 | D:11     | Found a staircase to the Lair.
  6982 | D:11     | Reached ****** piety under Cheibriados
  6990 | D:11     | Reached XP level 11. HP: 22/77 MP: 17/17
  6997 | D:11     | Noticed a cyclops
  6998 | D:11     | Killed a cyclops
  6999 | D:11     | Reached skill level 5 in Unarmed Combat
  7811 | D:11     | Noticed a six-headed hydra
  7813 | D:11     | Noticed a two-headed ogre
  7817 | D:11     | Killed a six-headed hydra
  7820 | D:11     | Killed a two-headed ogre
  8119 | Lair:1   | Entered Level 1 of the Lair of Beasts
  8164 | Lair:1   | Found a gate leading to a gauntlet.
  8173 | Gauntlet | Entered a Gauntlet
  8173 | Gauntlet | Found a transporter.
  8173 | Gauntlet | Noticed a death scarab
  8181 | Gauntlet | Found a transporter.
  8182 | Gauntlet | Found a transporter.
  8186 | Gauntlet | Noticed a necromancer
  8195 | Gauntlet | Found a transporter.
  8196 | Gauntlet | Found a transporter.
  8204 | Gauntlet | Found a transporter.
  8217 | Gauntlet | Noticed a balrug
  8220 | Gauntlet | Found a transporter.
  8231 | Gauntlet | Noticed a balrug
  8232 | Gauntlet | Found a runed translucent door.
  8233 | Gauntlet | Found a transporter.
  8234 | Gauntlet | Found a runed translucent door.
  8237 | Gauntlet | Found a transporter.
  8240 | Gauntlet | Found a transporter.
  8244 | Gauntlet | Noticed a wizard
  8261 | Gauntlet | Found a transporter.
  8261 | Gauntlet | Found a transporter.
  8266 | Gauntlet | Noticed a glowing orange brain
  8286 | Gauntlet | Noticed a purple ugly thing
  8287 | Gauntlet | Found a transporter.
  8287 | Gauntlet | Noticed a glowing orange brain
  8308 | Gauntlet | Found a transporter.
  8347 | Gauntlet | Killed a death scarab
  8400 | Gauntlet | Killed a necromancer
  8401 | Gauntlet | Reached skill level 5 in Evocations
  8413 | Gauntlet | Got a faintly glowing zirconium amulet
  8431 | Gauntlet | Identified the amulet of Omiruynwe {Faith Str+4} (You found
                  | it in a Gauntlet)
  8508 | Gauntlet | Reached XP level 12. HP: 56/82 MP: 18/18
  8531 | Gauntlet | Got a bound jade ring
  8532 | Gauntlet | Identified the ring "Efevves" {+Fly Int-5 SInv Stlth+} (You
                  | found it in a Gauntlet)
  8859 | Gauntlet | Noticed a minotaur
  8875 | Gauntlet | HP: 4/115 [minotaur/uncursed staff of fire (21)]
  8875 | Gauntlet | Mangled by a minotaur

Illustrated notes

Levels and vault maps discovered:
D:1:      erik_arrival_orb_chamber, layout_rooms
D:2:      layout_rooms, uniq_jessica
D:3:      layout_basic, serial_curves, eino_curves_02, eino_curves_01
D:4:      layout_basic, kiku_gazebo_garden_becter,
          minmay_temple_entry_drinking_statues
D:5:      layout_rooms, kennysheep_little_box, uniq_menkaure, uniq_ijyb,
          uniq_eustachio
D:6:      layout_loops_cross, yredelemnul_forgotten_temple_becter, bloody_trog
D:7:      layout_cave_pools, gammafunk_temple_overflow_statue,
          serial_gnoll_camp, gnoll_camp_medium_02, gnoll_camp_mini_hut,
          gnoll_camp_mini_basic, gnoll_camp_mini_sergeant, hangedman_decor_push,
          uniq_duvessa
D:8:      layout_loops_ring, old_standard_altar, special_room
          [special_room_orc], serial_shops, shop_coins, dk_noncrumbling_4
D:9:      layout_small_grid, erik_orc_3, serial_shops, shop,
          chequers_serial_rivers_small_a, amcnicky_altar_gilded,
          uniq_prince_ribbit1
D:10:     layout_cross
D:11:     layout_loops_ring, erik_lair_orcish_takeover
Temple:   nicolae_temple_x_marks_the_god
Lair:1:   layout_chaotic_city, gauntlet_entry_generic
Gauntlet: minmay_gauntlet_77_tree [minmay_gauntlet_arena_77_mess,
          minmay_gauntlet_arena_77_terracotta_army,
          minmay_gauntlet_arena_77_chump_sandwich,
          minmay_gauntlet_arena_77_tiled_triplets,
          minmay_gauntlet_arena_77_cramped, minmay_gauntlet_arena_77_squiggly,
          minmay_gauntlet_arena_77_broken_ladder, gauntlet_exit_spiral]

Skill      XL: |  1  2  3  4  5  6  7  8  9 10 11 12 |
---------------+-------------------------------------+-----
Dodging        | 4 5 6 8 |  8.0
Stealth        | 7 |  7.0
Spellcasting   | 1 |  1.0
Evocations     | 1 6 7 |  7.5
Unarmed Combat | 3 4 9 |  9.0
Fighting       | 4 5 7 8 |  8.0
Throwing       | 1 3 4 5 7 8 |  8.0
Transmutations | 1 |  1.0
Earth Magic    | 1 |  1.0
Invocations    | 9 |  9.0

Action                   |  1- 3 |  4- 6 |  7- 9 | 10-12 || total
-------------------------+-------+-------+-------+-------++-------
Melee: Dagger            |     3 |   122 |   176 |   245 ||   546
       Constrict         |     1 |    19 |    37 |    49 ||   106
       Tentacles         |       |     6 |    43 |    67 ||   116
       Punch             |       |       |     5 |    25 ||    30
Throw: Dart              |       |     8 |    36 |    24 ||    68
       Stone             |       |       |    13 |    63 ||    76
       Javelin           |       |       |     3 |    20 ||    23
Invok: Slouch            |       |       |       |     2 ||     2
 Abil: Evoke Invisibilit |       |       |       |     1 ||     1
Evoke: Wand              |       |       |     3 |       ||     3
  Use: Scroll            |       |     9 |     1 |    11 ||    21
       Potion            |       |     1 |       |     5 ||     6
 Stab: Sleeping          |       |    28 |    14 |    29 ||    71
       Distracted        |       |       |       |     2 ||     2
Armor: Skin              |       |    10 |    21 |    31 ||    62
Dodge: Dodged            |     3 |    67 |   111 |   243 ||   424
Block: Other             |       |       |       |     2 ||     2
